 Dungeon Crawl Stone Soup version 0.18-a0-119-g02a7081 (webtiles) character file.

3422 Proton the Shield-Bearer (level 10, -5/63 HPs)
             Began as a Gargoyle Fighter on Nov 19, 2015.
             Was a Believer of Cheibriados.
             Slain by an orc warrior
             ... wielding a +0 battleaxe
              (15 damage)
             ... on level 8 of the Dungeon.
             The game lasted 00:17:41 (7765 turns).

Proton the Shield-Bearer (Gargoyle Fighter)         Turns: 7765, Time: 00:17:41

Health: -5/63      AC: 17    Str: 29    XL:     10   Next: 5%
Magic:  13/13      EV: 11    Int: 15    God:    Cheibriados [**....]
Gold:   495        SH: 12    Dex: 15    Spells: 0 memorised, 9 levels left

rFire  . . .     SeeInvis .     s - +0 morningstar
rCold  . . .     Clarity  .     b - +0 scale mail
rNeg   + . .     SustAt   .     c - +0 shield
rPois  ∞         Gourm    .     (helmet restricted)
rElec  +         Spirit   .     g - +0 cloak
rCorr  .         Warding  .     e - +0 pair of gloves
rMut   .         Stasis   .     (no boots)
MR     +....                    (no amulet)
Stlth  +.........               z - ring of protection from magic
                                h - ring of stealth

@: very slow, somewhat resistant to hostile enchantments, very unstealthy
A: antennae 1, blurry vision 1, negative energy resistance 1, electricity
resistance, spit poison 1, unbreathing, petrification resistance, rot immunity,
AC +7
a: Spit Poison, Bend Time, Renounce Religion


You were on level 8 of the Dungeon.
You worshipped Cheibriados.
Cheibriados was pleased with you.
You were full.

You visited 2 branches of the dungeon, and saw 10 of its levels.

You collected 495 gold pieces.

Inventory:

Hand Weapons
 s - a +0 morningstar (weapon)
Armour
 b - a +0 scale mail (worn)
 c - a +0 shield (worn)
 e - a +0 pair of gloves (worn)
 g - a +0 cloak (worn)
Jewellery
 h - a ring of stealth (left hand)
 z - a ring of protection from magic (right hand)
Wands
 o - a wand of magic darts (29)
 r - a wand of disintegration (6)
 x - a wand of draining (5)
 y - a wand of slowing (11)
Scrolls
 a - 3 scrolls of identify
 l - 4 scrolls of remove curse
 p - 2 scrolls of fog
 q - a scroll of blinking
 t - 2 scrolls of recharging {unknown}
 u - a scroll of teleportation
 w - a scroll of enchant weapon
 A - a scroll of magic mapping {unknown}
 C - a scroll of noise {unknown}
Potions
 d - 2 potions of might
 i - a potion of heal wounds
 j - 2 potions of brilliance
 n - 2 potions of agility
 v - a potion of resistance
 B - a potion of degeneration {unknown}
Books
 k - a book of Flames

   Spells                             Type                      Level
   a - Flame Tongue                   Conjuration/Fire             1
   b - Throw Flame                    Conjuration/Fire             2
   c - Conjure Flame                  Conjuration/Fire             3
   d - Inner Flame                    Hexes/Fire                   3
   e - Sticky Flame                   Conjuration/Fire             4
   f - Fireball                       Conjuration/Fire             5
Comestibles
 f - 4 meat rations


   Skills:
 + Level 7.3 Fighting
 + Level 6.2 Maces & Flails
 + Level 7.4 Armour
 + Level 4.2 Dodging
 + Level 7.5 Shields
 + Level 4.9 Invocations


You had 9 spell levels left.
You didn't know any spells.

Dungeon Overview and Level Annotations

Branches:
Dungeon (9/15)             Temple (1/1) D:7            Lair (0/8) D:8
    Orc: D:9-12

Altars:
Ashenzari
Cheibriados
Fedhas
Makhleb
Nemelex Xobeh
Qazlal
Sif Muna
Trog
Vehumet
Xom
Zin
The Shining One

Annotations:
D:5 Proton's ghost, novice NaFi


Innate Abilities, Weirdness & Mutations

You are resistant to torment.
Your stone body is resilient (AC +7).
You are immune to poison.
You resist negative energy.
You are resistant to electric shocks.
You can survive without breathing.
You are immune to petrification.
You are immune to rotting.
You have a pair of small antennae on your head.
Scrolls take you a little longer to read.
You can spit weak poison.


Message History

The orc warrior is heavily wounded.
You block the orc warrior's attack.
You hit the orc warrior but do no damage.
The orc warrior is heavily wounded.
The orc warrior closely misses you.
You closely miss the orc warrior.
The orc warrior is heavily wounded.
You hit the orc warrior but do no damage.
The orc warrior is heavily wounded.
You block the orc warrior's attack.
You hit the orc warrior but do no damage.
The orc warrior is heavily wounded.
The orc warrior hits you with a battleaxe.
* * * LOW HITPOINT WARNING * * *
You sock the orc warrior!
The orc warrior is severely wounded.
You barely miss the orc warrior.
The orc warrior is severely wounded.
The orc warrior hits you with a battleaxe!
You die...

####.###.##.#.####.##########
....(.............÷.........#
.....###.##.........###.....##
#######...+.........'.+......####
# ##.##.........###...(...... #
#............".........).. #
#........##.......####.... #
#####....######.............#+ #
#........##..@o.........###†#. #
#........'....†.......#.###.#. #
#........##.####......#.###.#.
#.....#####.# #.######..#....
###'### #.# #.# #..#.... #.# #.#
#.._.... #.# #.# #..#.... #.#
#####.# #..#)... #####.# ...##.#
#..###...


You could see an orc warrior.

Vanquished Creatures
  Sigmund (D:6)
  2 hippogriffs (D:7)
  A hungry ghost (D:7)
  2 orc warriors
  A black bear (D:6)
  An ice beast (D:6)
  2 sky beasts
  2 phantoms (D:4)
  5 ogres
  2 centaurs
  4 giant frogs
  3 scorpions
  6 killer bees (D:7)
  A giant frog zombie (D:7)
  A gnoll shaman (D:7)
  7 orc wizards
  2 giant frog skeletons
  An iguana (D:6)
  3 hounds
  9 worker ants
  Jessica (D:3)
  5 gnolls
  9 adders
  An ooze (D:2)
  An adder skeleton (D:4)
  2 worms
  6 giant geckos
  16 orcs
  2 ball pythons
  4 bats
  2 giant cockroaches
  5 hobgoblins
  13 jackals
  A quokka (D:7)
  A giant cockroach zombie (D:5)
  A giant gecko skeleton (D:6)
  8 giant newts
  7 goblins
  A jackal skeleton (D:4)
  5 kobolds
  A quokka skeleton (D:7)
  5 rats
153 creatures vanquished.

Vanquished Creatures (others)
  An orc wizard (D:4)
  A worker ant (D:7)
  A plant (D:8)
  5 toadstools (D:1)
8 creatures vanquished.

Grand Total: 161 creatures vanquished

Notes
Turn   | Place    | Note
--------------------------------------------------------------
     0 | D:1      | Proton the Gargoyle Fighter began the quest for the Orb.
     0 | D:1      | Reached XP level 1. HP: 14/14 MP: 1/1
   103 | D:1      | Found a shimmering altar of Xom.
   231 | D:1      | Reached XP level 2. HP: 16/19 MP: 2/2
   732 | D:2      | Reached XP level 3. HP: 20/24 MP: 3/3
  1103 | D:2      | Found a radiant altar of Vehumet.
  1422 | D:2      | Reached XP level 4. HP: 29/29 MP: 4/4
  1766 | D:2      | Reached skill level 4 in Shields
  2025 | D:3      | Noticed Jessica
  2032 | D:3      | Killed Jessica
  2506 | D:4      | Found a snail-covered altar of Cheibriados.
  2506 | D:4      | Found a blossoming altar of Fedhas.
  2508 | D:4      | Became a worshipper of Cheibriados the Contemplative
  2557 | D:4      | Reached XP level 5. HP: 28/33 MP: 5/5
  2563 | D:4      | Noticed a phantom
  2601 | D:4      | Killed a phantom
  2644 | D:4      | HP: 1/34 [orc wizard/magic dart (4)]
  2935 | D:4      | Reached XP level 6. HP: 39/39 MP: 6/6
  3019 | D:4      | Reached skill level 5 in Fighting
  3019 | D:4      | Reached skill level 5 in Shields
  3412 | D:4      | Found a glowing silver altar of Zin.
  3450 | D:4      | Reached * piety under Cheibriados
  3450 | D:4      | Reached XP level 7. HP: 44/44 MP: 7/7
  3471 | D:5      | Entered Level 5 of the Dungeon
  3713 | D:5      | Reached skill level 5 in Armour
  3744 | D:4      | Reached skill level 1 in Invocations
  3921 | D:5      | Reached skill level 1 in Dodging
  3988 | D:5      | Gained mutation: You have a pair of small antennae on your head. [mutagenic meat]
  3989 | D:5      | Gained mutation: You can spit weak poison. [mutagenic meat]
  3990 | D:5      | Gained mutation: Scrolls take you a little longer to read. [mutagenic meat]
  4210 | D:5      | Found a sparkling altar of Nemelex Xobeh.
  4269 | D:5      | Found a glowing golden altar of the Shining One.
  4370 | D:5      | Noticed Proton's ghost (novice NaFi)
  4526 | D:6      | Reached XP level 8. HP: 36/51 MP: 9/9
  5023 | D:6      | Noticed Sigmund
  5054 | D:6      | Killed Sigmund
  5054 | D:6      | Reached skill level 6 in Fighting
  5054 | D:6      | Reached skill level 5 in Maces & Flails
  5173 | D:6      | Reached ** piety under Cheibriados
  5282 | D:6      | Found a bloodstained altar of Trog.
  5399 | D:5      | Found a deep blue altar of Sif Muna.
  5443 | D:5      | Reached XP level 9. HP: 44/56 MP: 11/11
  6000 | D:7      | Reached *** piety under Cheibriados
  6006 | D:7      | HP: 2/56 [killer bee (3)]
  6366 | D:7      | Found a burning altar of Makhleb.
  6622 | D:7      | Reached skill level 7 in Shields
  6867 | D:7      | Found a staircase to the Ecumenical Temple.
  6876 | Temple   | Entered the Ecumenical Temple
  7346 | D:8      | Found a shattered altar of Ashenzari.
  7371 | D:8      | Found a staircase to the Lair.
  7372 | D:8      | Noticed a komodo dragon
  7439 | D:8      | HP: 2/57 [komodo dragon (16)]
  7639 | D:7      | Reached XP level 10. HP: 45/63 MP: 13/13
  7765 | D:8      | Slain by an orc warrior

Vault maps used:
D:1:      ldierk_walled_garden, corexii_hall_statues_l, xom_teletrap_fun
D:2:      vehumet_crystals, first_bread, nicolae_underground_beach
D:3:      corexii_leaking_fountain, uniq_jessica
D:4:      fedhas_altar_2, cheibriados_altar_1, zin_treasury
D:5:      lemuel_round_altar, kennysheep_mini, lemuel_round_altar
D:6:      lightli_sewer_entry_pipes, trog_butcher_becter, uniq_sigmund
D:7:      lemuel_doored_altar, lemuel_temple_firewalk
D:8:      kennysheep_mini_moat, cheibrodos_ashenzari_chains, david_lair_shrubbed
D:9:      nicolae_overflow_hidden_temple, tgw_trog
Temple:   nicolae_temple_hex_pool

Action                   |  1- 3 |  4- 6 |  7- 9 | 10-12 || total
-------------------------+-------+-------+-------+-------++-------
Melee: Flail             |   145 |   177 |     8 |       ||   330
       Morningstar       |       |       |   467 |    28 ||   495
Invok: Bend Time         |       |       |     2 |       ||     2
 Abil: Spit Poison       |       |       |       |     1 ||     1
Evoke: Wand              |       |       |     1 |       ||     1
  Use: Scroll            |       |     5 |    10 |       ||    15
  Eat: Bread ration      |     1 |       |     3 |       ||     4
       Pizza             |       |     2 |       |       ||     2
       Fruit             |       |     3 |     2 |       ||     5
       Chunk             |       |       |     3 |       ||     3
       Royal jelly       |       |       |     1 |       ||     1
       Meat ration       |       |       |     1 |       ||     1
